 Dungeon Crawl Stone Soup version 0.20.0-10-g0535bb4 (webtiles) character file.

425 zhorgal the Chopper (level 6, -1/53 HPs)
             Began as a Hill Orc Abyssal Knight on June 3, 2017.
             Was a Believer of Lugonu.
             Shot with an arrow by a centaur (4 damage)
             ... on level 5 of the Dungeon.
             The game lasted 00:12:53 (4667 turns).

zhorgal the Chopper (Hill Orc Abyssal Knight)       Turns: 4667, Time: 00:12:54

Health: -1/53      AC: 12    Str: 17    XL:     6   Next: 96%
Magic:  9/9        EV:  5    Int: 12    God:    Lugonu [**....]
Gold:   248        SH:  0    Dex: 10    Spells: 5/5 levels left

rFire    . . .     SeeInvis .   C - +0 war axe
rCold    . . .     Gourm    .   (no shield)
rNeg     . . .     Faith    .   v - +0 plate armour
rPois    .         Spirit   .   r - +0 helmet
rElec    .         Reflect  .   (no cloak)
rCorr    .         Harm     .   (no gloves)
MR       .....     Clarity  +   (no boots)
Stlth    ..........             (no amulet)
Regen    0.2/turn               (no ring)
MPRegen  0.2/turn               (no ring)

@: no status effects
A: clarity, subdued magic 1
a: Depart the Abyss, Bend Space, Renounce Religion


You were on level 5 of the Dungeon.
You worshipped Lugonu.
Lugonu was pleased with you.
You were hungry.

You visited 1 branch of the dungeon, and saw 5 of its levels.
You visited the Abyss 1 time.

You collected 248 gold pieces.

Inventory:

Hand Weapons
 a - a +1 hand axe
 C - a +0 war axe (weapon)
Missiles
 k - 2 tomahawks (quivered)
Armour
 b - a +0 leather armour
 r - a +0 helmet (worn)
 v - a +0 plate armour (worn)
 B - a +0 buckler of reflection
Jewellery
 l - an uncursed ring of protection from fire {unknown}
 t - an uncursed ring of fire {unknown}
 D - a cursed ring of loudness {unknown}
Scrolls
 d - a scroll of blinking {unknown}
 e - 9 scrolls of remove curse {unknown}
 g - 2 scrolls of magic mapping {unknown}
 h - 4 scrolls of immolation {unknown}
 i - a scroll of fear {unknown}
 m - a scroll of enchant weapon {unknown}
 n - 2 scrolls of identify {unknown}
 q - 2 scrolls of random uselessness {unknown}
 s - a scroll of amnesia {unknown}
 u - 3 scrolls of teleportation {unknown}
 y - a scroll of fog {unknown}
Potions
 o - a potion of mutation {!q}
 p - a potion of invisibility {unknown}
 w - a potion of heal wounds {unknown}
 z - a potion of brilliance {unknown}
 A - a potion of curing {unknown}
Comestibles
 c - 4 bread rations
 f - 2 meat rations
 x - a fruit


   Skills:
 + Level 4.6 Fighting
 * Level 6.7 Axes
 + Level 3.6 Armour
 - Level 0.7 Dodging
 + Level 5.1 Invocations


You had 5 spell levels left.
You didn't know any spells.

Dungeon Overview and Level Annotations

Branches:
Dungeon (5/15)             Temple (0/1) D:5

Altars:
Ru

Annotations:
D:5 Menkaure


Innate Abilities, Weirdness & Mutations

You possess an exceptional clarity of mind.
Your spells are a little easier to cast, but a little less powerful.


Message History

You hit the centaur.
The centaur is lightly wounded.
The centaur closely misses you.
Menkaure calls on the powers of darkness!
The centaur convulses!
Your body is wracked with pain!
The centaur hits you.
You slash the centaur!
The centaur is almost dead.
You are feeling hungry.
The centaur completely misses you.
Menkaure calls on the powers of darkness!
Your body is wracked with pain!
* * * LOW HITPOINT WARNING * * *
The centaur wields an uncursed shortbow.
The centaur shoots an arrow.
The arrow hits you!
* * * LOW HITPOINT WARNING * * *
You see here 2 arrows.
The centaur shoots an arrow.
The arrow hits you.
You die...

#........# #.#
#....#########.#
####.........#.#
#.#.......#.#
#.#.......#M#
#.#.......#(#
#.........#.#
#####.#.###c#
#...@(..#
#########


You could see a centaur.

Vanquished Creatures
  5 orc priests
  2 orc wizards
  An iguana (D:3)
  A worker ant (D:4)
  3 gnolls (D:4)
  5 adders
  2 worms (D:2)
  2 dart slugs
  2 leopard geckos
  13 orcs
  2 ball pythons (D:2)
  4 giant cockroaches
  3 goblins (D:1)
  4 hobgoblins
  8 jackals
  10 kobolds
  A quokka (D:3)
  3 bats
  8 frilled lizards
  A leopard gecko zombie (D:5)
  10 rats
90 creatures vanquished.

Notes
Turn   | Place    | Note
-------+----------+-------------------------------------------
     0 | Abyss:1  | zhorgal the Hill Orc Abyssal Knight began the quest for the Orb.
     0 | Abyss:1  | Reached XP level 1. HP: 19/19 MP: 2/2
    67 | Abyss:2  | Noticed a thrashing horror
    67 | D:1      | Escaped the Abyss
   154 | D:1      | Reached skill level 3 in Axes
   194 | D:1      | Reached XP level 2. HP: 25/26 MP: 4/4
   233 | D:1      | Reached * piety under Lugonu
   513 | D:1      | Reached XP level 3. HP: 22/31 MP: 5/5
   748 | D:2      | Reached skill level 4 in Axes
  1762 | D:3      | Reached XP level 4. HP: 39/39 MP: 6/6
  2160 | D:3      | Reached ** piety under Lugonu
  2248 | D:3      | Reached skill level 5 in Axes
  2477 | D:3      | HP: 1/40 [orc priest/nerve-wracking pain (7)]
  2478 | D:3      | Gained mutation: Your spells are a little easier to cast, but a little less powerful. [potion of mutation]
  2478 | D:3      | Gained mutation: You possess an exceptional clarity of mind. [potion of mutation]
  2483 | D:3      | Reached XP level 5. HP: 1/46 MP: 8/8
  3056 | D:4      | Found a sacrificial altar of Ru.
  3469 | D:4      | Reached skill level 6 in Axes
  3469 | D:4      | Reached XP level 6. HP: 40/52 MP: 9/9
  4249 | D:3      | Reached skill level 5 in Invocations
  4536 | D:5      | Entered Level 5 of the Dungeon
  4551 | D:5      | Found a staircase to the Ecumenical Temple.
  4654 | D:5      | Noticed Menkaure
  4667 | D:5      | Shot with an arrow by a centaur

Skill      XL: |  1  2  3  4  5  6 |
---------------+-------------------+-----
Axes           | 3 4 5 6 |  6.7
Invocations    | 3 4 5 |  5.1
Fighting       | 4 |  4.6
Armour         | 3 |  3.6
Dodging        | |  0.7

Action                   |  1- 3 |  4- 6 || total
-------------------------+-------+-------++-------
Melee: Hand axe          |   113 |   296 ||   409
       War axe           |       |     3 ||     3
Invok: Depart the Abyss  |     1 |       ||     1
  Use: Potion            |       |     3 ||     3
  Eat: Chunk             |     3 |     8 ||    11
       Fruit             |       |     1 ||     1
Armor: Leather armour    |    39 |       ||    39
       Plate armour      |     8 |   192 ||   200
       Skin              |       |     8 ||     8
Dodge: Dodged            |    73 |    59 ||   132
